 Dungeon Crawl Stone Soup version 0.31-a0-152-g6aa68a64a1 (webtiles) character file.

Game seed: 4874471036374605583

1385 qw the Skirmisher (level 8, -3/74 HPs)
             Began as a Naga Hunter on June 9, 2023.
             Slain by a yak (8 damage)
             ... on level 6 of the Dungeon.
             The game lasted 00:01:44 (4145 turns).

qw the Skirmisher (Naga Hunter)                     Turns: 4145, Time: 00:01:44

Health: -3/74      AC:  9    Str: 15    XL:     8   Next: 67%
Magic:  8/8        EV: 11    Int:  7    God:
Gold:   350        SH:  0    Dex: 22    Spells: 7/7 levels left

rFire   . . .        Y - +0 shortbow (flame)
rCold   . . .        (shield currently unavailable)
rNeg    . . .        c - +0 leather armour
rPois   +            (no helmet)
rElec   .            n - +0 cloak
rCorr   .            (no gloves)
SInv    +            (no barding)
Will    +....        (no amulet)
Stlth   ++           b - +6 ring of dexterity
HPRegen 0.32/turn    d - +4 ring of protection
MPRegen 0.11/turn

%: no passive effects
@: short of breath, very slow
A: AC +2, large, see invisible, deformed body, poison resistance, slowness 2,
spit poison 1, naga tail 1, dopey 1, noise suppression
a: Spit Poison


You were on level 6 of the Dungeon.
You visited 1 branch of the dungeon, and saw 6 of its levels.

You collected 350 gold pieces.


Innate Abilities, Weirdness & Mutations

Your serpentine skin is tough. (AC +2)
You have supernaturally acute eyesight. (SInv)
Armour fits poorly on your strangely shaped body.
Your system is resistant to poisons. (rPois)
You cover ground very slowly.
You can spit poison.
You have a snake-like lower body.
You are dopey. (Int -2)
You passively dampen the noise of your surroundings.


   Skills:
 - Level 5.0 Fighting
 + Level 8.7 Ranged Weapons
 - Level 3.1 Dodging
 - Level 1.5 Stealth


You had 7 spell levels left.
You didn't know any spells.
Your spell library was empty.

Inventory:

Hand Weapons
 Y - a +0 shortbow of flaming (weapon)
Armour
 c - a +0 leather armour (worn)
 i - a +4 ring mail
 n - a +0 cloak (worn)
Jewellery
 b - a +6 ring of dexterity (left hand)
 d - a +4 ring of protection (right hand)
 k - a ring of protection from fire
Scrolls
 f - 3 scrolls of teleportation
 l - a scroll of identify
Potions
 a - a potion of mutation
 e - a potion of cancellation
 g - a potion of heal wounds
 h - a potion of invisibility {unknown}
 j - a potion of curing
 m - a potion of might {unknown}
 o - a potion of enlightenment {unknown}
 q - a potion of degeneration {unknown}

Dungeon Overview and Level Annotations

Branches:
Dungeon (6/15)
 Temple: D:4-7

Altars:
Sif Muna
Xom

Shops:
D:1 :[:[?   D:6 *


Message History

The yak is lightly wounded.
You have got your breath back.
The bullfrog barely misses you. The yak barely misses you.
4138 ||| INVOKING Spit Poison.
Aiming: Spit Poison (1% risk of failure)
Press: ? - help, Shift-Dir - straight line, f/p - yak The splash of poison hits the yak!
The yak is poisoned.
The yak is moderately wounded.
The bullfrog barely misses you. The bullfrog closely misses you.
You shoot an arrow. The arrow hits the yak!
The arrow burns the yak.
The yak is moderately wounded.
The bullfrog hits you.
You shoot an arrow. The arrow hits the yak.
The arrow burns the yak.
The yak is moderately wounded.
The bullfrog hits you. The yak gores you! The bullfrog hits you.
You shoot an arrow. The arrow hits the yak.
The arrow burns the yak.
The yak is heavily wounded.
You have got your breath back.
The bullfrog misses you. The yak gores you!
4142 ||| INVOKING Spit Poison.
Aiming: Spit Poison (1% risk of failure)
Press: ? - help, Shift-Dir - straight line, f/p - yak The splash of poison hits the yak!
The yak is poisoned.
The yak is severely wounded.
The bullfrog hits you but does no damage.
The yak gores you but does no damage. The yak closely misses you.
The bullfrog hits you but does no damage.
You shoot an arrow. The arrow barely misses the yak.
The yak looks more healthy.
The yak barely misses you. The yak gores you. The yak gores you!
The bullfrog hits you but does no damage.
You shoot an arrow.
The arrow hits the yak but does no damage.
The yak is severely wounded.
The bullfrog barely misses you. The yak gores you. The yak gores you!
The yak gores you but does no damage. The bullfrog closely misses you.
You shoot an arrow. The arrow hits the yak.
The arrow burns the yak.
The yak is almost dead.
The yak gores you! x3
You die...

.........#.\.#[.##.......#
#.....[..#...#..##.......#
#......).##'##..#........##
.........).................
.#...........).##..........
###..>..#..................
##..######.#..##........
#..# #....#YY#...###### #
........YY@...## #
........F##.## .......##.#
....$.. ..# ....... ###
.....$. ......# >.....


You could see 4 yaks and a bullfrog.

Vanquished Creatures
  A yak (D:6)
  Duvessa (D:6)
  A water moccasin (D:6)
  An ice beast (D:6)
  A black bear (D:5)
  A phantom (D:4)
  2 scorpions
  Dowan (D:6)
  2 hounds
  2 jellies (D:4)
  2 orc priests
  3 iguanas
  A sleepcap (D:4)
  Jessica (D:2)
  Natasha (thrice) (D:2)
  3 orc wizards (D:6)
  6 adders
  An ufetubus (D:5)
  2 worms (D:2)
  2 dart slugs
  7 orcs
  10 endoplasms
  6 goblins
  7 hobgoblins
  10 jackals
  5 kobolds
  2 quokkas
  15 ball pythons
  7 bats
  A frilled lizard (D:2)
  5 rats
112 creatures vanquished.

Notes
Turn   | Place    | Note
-------+----------+-------------------------------------------
     0 | D:1      | qw the Naga Hunter began the quest for the Orb.
     0 | D:1      | Reached XP level 1. HP: 19/19 MP: 1/1
     0 | D:1      | 0 ||| qw: Version: 0.2-a-122-gbc61b45
     0 | D:1      | 0 ||| qw: Game counter: 3334
     0 | D:1      | 0 ||| qw: Always use a shield: true
     0 | D:1      | 0 ||| qw: God list: Okawaru
     0 | D:1      | 0 ||| qw: Allow faded altars: false
     0 | D:1      | 0 ||| qw: Do Orc after D:15 true
     0 | D:1      | 0 ||| qw: Do second Lair branch before Depths: true
     0 | D:1      | 0 ||| qw: Lair rune preference: random
     0 | D:1      | 0 ||| qw: Plans: Normal
     0 | D:1      | 0 ||| PLANNING D:1-11
    51 | D:1      | 51 ||| INVOKING Spit Poison.
    58 | D:1      | Found Ushrat Guim's Magic Scroll Shop.
    65 | D:1      | 65 ||| SHOPLISTING 3 scrolls of enchant weapon (315 gold,
                  | have 8).
    65 | D:1      | 65 ||| SHOPLISTING scroll of identify (28 gold, have 8).
    65 | D:1      | 65 ||| SHOPLISTING scroll of teleportation (42 gold, have
                  | 8).
    81 | D:1      | 81 ||| INVOKING Spit Poison.
   102 | D:1      | 102 ||| INVOKING Spit Poison.
   109 | D:1      | 109 ||| INVOKING Spit Poison.
   110 | D:1      | Reached skill level 4 in Ranged Weapons
   110 | D:1      | Reached XP level 2. HP: 26/26 MP: 2/2
   122 | D:1      | Found Piux's Antique Armour Emporium.
   142 | D:1      | 142 ||| SHOPLISTING helmet (117 gold, have 19).
   142 | D:1      | 142 ||| SHOPLISTING runed leather armour (130 gold, have
                  | 19).
   142 | D:1      | 142 ||| SHOPLISTING transparent robe (148 gold, have 19).
   157 | D:1      | Found Ryd Xoxo's Book Shoppe.
   165 | D:1      | 165 ||| INVOKING Spit Poison.
   169 | D:1      | 169 ||| INVOKING Spit Poison.
   174 | D:1      | 174 ||| INVOKING Spit Poison.
   178 | D:1      | 178 ||| INVOKING Spit Poison.
   252 | D:1      | Found Yxolier's Antique Armour Shop.
   257 | D:1      | 257 ||| SHOPLISTING embroidered cloak (210 gold, have 19).
   257 | D:1      | 257 ||| SHOPLISTING embroidered robe (103 gold, have 19).
   257 | D:1      | 257 ||| SHOPLISTING faintly humming ring mail (252 gold,
                  | have 19).
   257 | D:1      | 257 ||| SHOPLISTING glowing robe (103 gold, have 19).
   257 | D:1      | 257 ||| SHOPLISTING heavily runed helmet (266 gold, have
                  | 19).
   258 | D:1      | 258 ||| READING scroll labelled XAELAW IZAETWIMI.
   265 | D:1      | 265 ||| INVOKING Spit Poison.
   298 | D:1      | 298 ||| INVOKING Spit Poison.
   332 | D:1      | 332 ||| INVOKING Spit Poison.
   355 | D:1      | 355 ||| READING scroll labelled RAADYQ TOLOH.
   356 | D:1      | 356 ||| DROPPING scroll of butterflies.
   357 | D:1      | 357 ||| INVOKING Spit Poison.
   366 | D:1      | 366 ||| INVOKING Spit Poison.
   367 | D:1      | Reached XP level 3. HP: 32/32 MP: 3/3
   387 | D:1      | Found Seegoal's Book Shop.
   421 | D:1      | 421 ||| INVOKING Spit Poison.
   510 | D:1      | 510 ||| INVOKING Spit Poison.
   556 | D:1      | 556 ||| INVOKING Spit Poison.
   574 | D:1      | 574 ||| INVOKING Spit Poison.
   831 | D:1      | 831 ||| DRINKING 2 fuming grey potions.
   831 | D:1      | Gained mutation: You are dopey. (Int -2) [potion of
                  | mutation]
   831 | D:1      | Gained mutation: You passively dampen the noise of your
                  | surroundings. [potion of mutation]
   866 | D:2      | 866 ||| INVOKING Spit Poison.
   883 | D:2      | 883 ||| INVOKING Spit Poison.
   898 | D:2      | Noticed Jessica
   899 | D:2      | 899 ||| INVOKING Spit Poison.
   899 | D:2      | Killed Jessica
   900 | D:2      | Reached skill level 5 in Ranged Weapons
   900 | D:2      | Reached XP level 4. HP: 39/39 MP: 4/4
   917 | D:2      | 917 ||| INVOKING Spit Poison.
   918 | D:2      | 918 ||| INVOKING Spit Poison.
   931 | D:2      | 931 ||| INVOKING Spit Poison.
   934 | D:2      | 934 ||| INVOKING Spit Poison.
   937 | D:2      | 937 ||| INVOKING Spit Poison.
   968 | D:2      | 968 ||| INVOKING Spit Poison.
   975 | D:2      | 975 ||| INVOKING Spit Poison.
  1040 | D:2      | Noticed Natasha
  1041 | D:2      | 1041 ||| INVOKING Spit Poison.
  1047 | D:2      | 1047 ||| INVOKING Spit Poison.
  1049 | D:2      | Killed Natasha
  1141 | D:2      | 1141 ||| INVOKING Spit Poison.
  1196 | D:2      | 1196 ||| INVOKING Spit Poison.
  1208 | D:2      | 1208 ||| INVOKING Spit Poison.
  1210 | D:2      | Reached skill level 3 in Fighting
  1210 | D:2      | Reached XP level 5. HP: 49/49 MP: 5/5
  1239 | D:2      | 1239 ||| INVOKING Spit Poison.
  1243 | D:2      | 1243 ||| INVOKING Spit Poison.
  1259 | D:2      | 1259 ||| INVOKING Spit Poison.
  1296 | D:2      | Found a faded altar of an unknown god.
  1297 | D:2      | 1297 ||| INVOKING Spit Poison.
  1323 | D:2      | 1323 ||| INVOKING Spit Poison.
  1409 | D:2      | Noticed Natasha
  1410 | D:2      | 1410 ||| INVOKING Spit Poison.
  1416 | D:2      | 1416 ||| INVOKING Spit Poison.
  1421 | D:2      | Killed Natasha
  1463 | D:2      | Noticed Natasha
  1464 | D:2      | 1464 ||| INVOKING Spit Poison.
  1468 | D:2      | Killed Natasha
  1594 | D:2      | 1594 ||| UPGRADING to +6 ring of dexterity.
  1595 | D:2      | 1595 ||| READING scroll labelled VUOLOFR APHU.
  1596 | D:2      | 1596 ||| READING scroll labelled VEDYLE HOAPH.
  1644 | D:3      | 1644 ||| INVOKING Spit Poison.
  1650 | D:3      | 1650 ||| INVOKING Spit Poison.
  1702 | D:3      | 1702 ||| INVOKING Spit Poison.
  1769 | D:3      | 1769 ||| INVOKING Spit Poison.
  1779 | D:3      | 1779 ||| INVOKING Spit Poison.
  1784 | D:3      | 1784 ||| INVOKING Spit Poison.
  1787 | D:3      | 1787 ||| INVOKING Spit Poison.
  1806 | D:3      | 1806 ||| INVOKING Spit Poison.
  1809 | D:3      | 1809 ||| INVOKING Spit Poison.
  2166 | D:3      | 2166 ||| UPGRADING to +4 ring of protection.
  2167 | D:3      | 2167 ||| DRINKING 2 fuming purple potions.
  2168 | D:3      | 2168 ||| DROPPING potion of brilliance.
  2219 | D:4      | Noticed a phantom
  2228 | D:4      | Killed a phantom
  2229 | D:4      | Reached skill level 6 in Ranged Weapons
  2229 | D:4      | Reached XP level 6. HP: 54/56 MP: 6/6
  2245 | D:4      | 2245 ||| INVOKING Spit Poison.
  2250 | D:4      | 2250 ||| INVOKING Spit Poison.
  2254 | D:4      | 2254 ||| INVOKING Spit Poison.
  2257 | D:4      | 2257 ||| INVOKING Spit Poison.
  2271 | D:4      | 2271 ||| INVOKING Spit Poison.
  2327 | D:4      | 2327 ||| INVOKING Spit Poison.
  2349 | D:4      | 2349 ||| INVOKING Spit Poison.
  2393 | D:4      | 2393 ||| INVOKING Spit Poison.
  2394 | D:4      | Reached XP level 7. HP: 64/64 MP: 7/7
  2400 | D:4      | 2400 ||| INVOKING Spit Poison.
  2403 | D:4      | Found a shimmering blue altar of Sif Muna.
  2408 | D:4      | 2408 ||| INVOKING Spit Poison.
  2498 | D:4      | 2498 ||| INVOKING Spit Poison.
  2515 | D:4      | 2515 ||| INVOKING Spit Poison.
  2612 | D:4      | 2612 ||| INVOKING Spit Poison.
  2638 | D:4      | 2638 ||| INVOKING Spit Poison.
  2644 | D:4      | Reached skill level 7 in Ranged Weapons
  2957 | D:4      | 2957 ||| UPGRADING to +0 cloak.
  2962 | D:4      | 2962 ||| READING scroll labelled WUNKYN CAGEENG.
  2963 | D:4      | 2963 ||| READING 4 scrolls of identify.
  2963 | D:4      | 2963 ||| IDENTIFYING bubbling white potion
  2964 | D:4      | 2964 ||| READING 3 scrolls of identify.
  2964 | D:4      | 2964 ||| IDENTIFYING bubbling grey potion
  2965 | D:4      | 2965 ||| READING 2 scrolls of identify.
  2965 | D:4      | 2965 ||| IDENTIFYING fuming white potion
  2966 | D:4      | 2966 ||| DROPPING potion of attraction.
  3018 | D:5      | Entered Level 5 of the Dungeon
  3031 | D:5      | 3031 ||| INVOKING Spit Poison.
  3060 | D:5      | Found a shimmering altar of Xom.
  3084 | D:5      | 3084 ||| INVOKING Spit Poison.
  3254 | D:5      | 3254 ||| INVOKING Spit Poison.
  3438 | D:5      | 3438 ||| INVOKING Spit Poison.
  3541 | D:5      | 3541 ||| DROPPING ring of positive energy.
  3542 | D:5      | 3542 ||| READING scroll labelled XYASMI YNTETHRUUN.
  3543 | D:5      | 3543 ||| READING 3 scrolls labelled GETHAX KUXABAE.
  3544 | D:5      | 3544 ||| DRINKING 2 bubbling black potions.
  3545 | D:5      | 3545 ||| DROPPING 2 scrolls of fog.
  3565 | D:6      | 3565 ||| INVOKING Spit Poison.
  3566 | D:6      | 3566 ||| Stepping ~*~*~tactically~*~*~ (outnumbered).
  3572 | D:6      | 3572 ||| INVOKING Spit Poison.
  3573 | D:6      | Reached skill level 8 in Ranged Weapons
  3578 | D:6      | 3578 ||| INVOKING Spit Poison.
  3579 | D:6      | Reached XP level 8. HP: 59/72 MP: 8/8
  3590 | D:6      | 3590 ||| FLEEEEING.
  3591 | D:6      | 3591 ||| STAIRDANCE
  3621 | D:6      | 3621 ||| INVOKING Spit Poison.
  3641 | D:6      | Noticed Duvessa
  3642 | D:6      | Noticed Dowan
  3644 | D:6      | 3644 ||| INVOKING Spit Poison.
  3648 | D:6      | 3648 ||| INVOKING Spit Poison.
  3655 | D:6      | 3655 ||| INVOKING Spit Poison.
  3659 | D:6      | Killed Duvessa
  3662 | D:6      | 3662 ||| INVOKING Spit Poison.
  3667 | D:6      | Killed Dowan
  3668 | D:6      | Reached skill level 3 in Dodging
  3886 | D:6      | 3886 ||| INVOKING Spit Poison.
  3896 | D:6      | Found Isiecyer's Serpentskin Sales.
  3897 | D:6      | 3897 ||| INVOKING Spit Poison.
  3903 | D:6      | 3903 ||| INVOKING Spit Poison.
  3912 | D:6      | HP: 18/74 [poisoned by a water moccasin]
  3917 | D:6      | HP: 15/74 [poisoned by a water moccasin]
  4111 | D:6      | 4111 ||| INVOKING Spit Poison.
  4127 | D:6      | Noticed a yak
  4127 | D:6      | Noticed a yak
  4127 | D:6      | Noticed a yak
  4129 | D:6      | 4129 ||| INVOKING Spit Poison.
  4130 | D:6      | Noticed a yak
  4132 | D:6      | Noticed a yak
  4133 | D:6      | 4133 ||| INVOKING Spit Poison.
  4134 | D:6      | Killed a yak
  4138 | D:6      | 4138 ||| INVOKING Spit Poison.
  4142 | D:6      | 4142 ||| INVOKING Spit Poison.
  4145 | D:6      | HP: 12/74 [yak (7)]
  4145 | D:6      | HP: 5/74 [yak (7)]
  4145 | D:6      | Slain by a yak

Levels and vault maps discovered:
D:1:      sevenhm_arrival_forest_fort_large_2, layout_loops_ring, serial_shops,
          shop, nicolae_shop_hallway_plus, nicolae_lakefront_shop, shop,
          nicolae_shop_window_shopping
D:2:      layout_loops_ring, ebering_ecumenical_altar_hall, uniq_jessica,
          uniq_natasha
D:3:      layout_basic, minmay_unequal
D:4:      layout_loops_ring, nicolae_sif_muna_condensation
D:5:      layout_cave_pools, xom_butterflies, minivault_25
D:6:      layout_rooms, overflow_temple_1_default, gammafunk_ghost_arena,
          guppyfry_shop_venom, uniq_duvessa

Skill      XL: |  1  2  3  4  5  6  7  8 |
---------------+-------------------------+-----
Ranged Weapons | 4 5 6 8 |  8.7
Fighting       | 3 4 5 |  5.0
Dodging        | 2 3 |  3.1
Stealth        | |  1.5

Action                     |  1- 3 |  4- 6 |  7- 9 || total
---------------------------+-------+-------+-------++-------
  Melee: Unarmed           |       |     4 |       ||     4
   Fire: Shortbow          |    42 |   108 |   134 ||   284
Ability: Spit Poison       |    20 |    36 |    26 ||    82
    Use: Scroll            |     2 |     2 |     6 ||    10
         Potion            |     1 |     1 |     1 ||     3
 Armour: Leather armour    |     3 |    15 |    29 ||    47
  Dodge: Dodged            |     4 |    29 |    41 ||    74

Table legend:
 A = Non-vault XP
 B = Vault XP
 C = Vault XP percentage of total XP
 D = Non-vault monster count
 E = Vault monster count
 F = Vault count percentage of total count
                 A         B        C        D         E       F
            +---------+---------+-------+---------+---------+-------
      Total |    1543 |     436 |  22.0 |     103 |       9 |   8.0
            +---------+---------+-------+---------+---------+-------
        D:1 |      48 |       0 |   0.0 |      28 |       0 |   0.0
        D:2 |     134 |      72 |  35.0 |      22 |       2 |   8.3
        D:3 |      59 |       4 |   6.3 |      13 |       2 |  13.3
        D:4 |     467 |       0 |   0.0 |      24 |       0 |   0.0
        D:5 |     302 |       0 |   0.0 |       6 |       0 |   0.0
        D:6 |     533 |     360 |  40.3 |      10 |       5 |  33.3
            +---------+---------+-------+---------+---------+-------
